 Dungeon Crawl Stone Soup version 0.13-a0-2305-ge00d11d (webtiles) character file.

233 Kae the Skirmisher (level 3, -1/30 HPs)
             Began as a Hill Orc Abyssal Knight on July 9, 2013.
             Was a Believer of Lugonu.
             Slain by an adder (2 damage)
             ... on Level 2 of the Dungeon.
             The game lasted 00:01:05 (1491 turns).

Kae the Skirmisher (Hill Orc Abyssal Knight)        Turns: 1491, Time: 00:01:06

HP  -1/30        AC  3     Str 15      XL: 3   Next: 91%
MP   4/4         EV 10     Int 12      God: Lugonu [**....]
Gold 179         SH  0     Dex 10      Spells:  0 memorised,  2 levels left

Res.Fire  : . . .   See Invis. : .   a - +2 orc hand axe {=f}
Res.Cold  : . . .   Warding    : .   b - +0 orc leather armour
Life Prot.: . . .   Conserve   : .   (no shield)
Res.Poison: .       Res.Corr.  : .   (no helmet)
Res.Elec. : .       Clarity    : .   (no cloak)
Sust.Abil.: . .     Spirit.Shd : .   (no gloves)
Res.Mut.  : .       Stasis     : .   (no boots)
Res.Rott. : .       Flight     : .   (no amulet)
Saprovore : + . .                    (no ring)
                                     (no ring)

@: mildly poisoned, not resistant to hostile enchantments, very unstealthy
A: saprovore 1
a: Depart the Abyss, Bend Space, Renounce Religion


You were on level 2 of the Dungeon.
You worshipped Lugonu.
Lugonu was most pleased with you.
You were not hungry.

You visited 1 branch of the dungeon, and saw 2 of its levels.
You visited the Abyss 1 time.

You collected 159 gold pieces.

Inventory:

Hand weapons
 a - a +2,+2 orcish hand axe (weapon) {=f}
Armour
 b - a +0 orcish leather armour (worn)
Comestibles
 c - a meat ration
 l - 2 bread rations
 o - a rotting chunk of hobgoblin flesh
Scrolls
 d - 2 scrolls of enchant weapon I {unknown}
 e - 2 scrolls of curse jewellery {unknown}
 i - a scroll of teleportation {unknown}
 m - a scroll of identify {unknown}
Jewellery
 k - an uncursed ring of teleport control {unknown}
Potions
 f - 2 potions of might {unknown}
 g - a potion of speed {unknown}
 h - a potion of agility {unknown}
 j - a potion of curing {unknown}
 n - a potion of heal wounds {unknown}
 p - a potion of restore abilities {unknown}


   Skills:
 + Level 4.5 Fighting
 + Level 3.1 Axes
 + Level 2.4 Armour
 + Level 1.2 Dodging
 + Level 0.2 Traps
 + Level 3.2 Invocations


You had 2 spell levels left.
You didn't know any spells.

Dungeon Overview and Level Annotations

Branches:
Dungeon (2/27)

Altars:


Innate Abilities, Weirdness & Mutations

You can tolerate rotten meat.


Message History

The adder is moderately wounded.
The adder bites you but does no damage. The adder barely misses you.
You barely miss the adder.
The adder is moderately wounded.
The adder barely misses you.
You barely miss the adder.
The adder is moderately wounded.
The adder bites you.
* * * LOW HITPOINT WARNING * * *
You are poisoned.
The adder poisons you! The adder barely misses you.
You closely miss the adder.
The adder is moderately wounded.
* * * LOW HITPOINT WARNING * * *
You feel sick. The adder bites you.
* * * LOW HITPOINT WARNING * * *
You miss the adder.
The adder is moderately wounded.
The adder barely misses you. The adder bites you.
You die...

. #.# ###....)...######### #.##.#
####.######.# # #.##.# #....# #.#
# #.##.# #.##.# #.#########
#.##.########.##.######.....)....
..............(......############
......<...............# #
.............###(###..# #
....)######..# #@# # .....#
#.....S)....... . # .....#
##.##...##..## #.## .....#
#.##...## # #.## (....# .###...#
.. ##.# ###.## .# ##..# #.##..##
....# .# #..# ####......#
##..########.####..##[#.........#
##.................... #........


You could see an adder.

Vanquished Creatures
  Jessica (D:2)
  A giant gecko (D:2)
  An ooze (D:1)
  3 bats
  A giant cockroach (D:1)
  6 hobgoblins
  A quokka (D:2)
  A giant newt (D:2)
  7 goblins
  5 kobolds
  7 rats
34 creatures vanquished.

Vanquished Creatures (others)
  A rat (D:1)
1 creature vanquished.

Grand Total: 35 creatures vanquished

Notes
Turn   | Place    | Note
--------------------------------------------------------------
     0 | Abyss:1  | Kae, the Hill Orc Abyssal Knight, began the quest for the Orb.
     0 | Abyss:1  | Reached XP level 1. HP: 17/17 MP: 1/1
    33 | Abyss:1  | Noticed a clay golem
    33 | Abyss:1  | Noticed a ynoxinul
    65 | Abyss:1  | Noticed a large abomination
    68 | D:1      | Escaped the Abyss
   371 | D:1      | Acquired Lugonu's first power
   625 | D:1      | Reached skill level 4 in Fighting
   711 | D:1      | Reached XP level 2. HP: 19/25 MP: 2/2
  1128 | D:2      | Reached skill level 1 in Dodging
  1212 | D:2      | Reached XP level 3. HP: 26/30 MP: 4/4
  1403 | D:2      | Acquired Lugonu's second power
  1420 | D:2      | Noticed Jessica
  1429 | D:2      | Killed Jessica
  1490 | D:2      | HP: 1/30 [adder (5)]
  1491 | D:2      | Slain by an adder

Action                   || total
-------------------------++-------
Melee: Hand axe          ||    95
Invok: Depart the Abyss  ||     1
